AoeStats
← Tunga

Arabia

506513583Analyzed
1v1 RM · 19d ago on Sep 13, 2026· 63m 57s· 2 players
Game mode
Random Map
Map size
Tiny (2 player)
Population
200
Speed
Normal
Resources
Standard
Victory
Conquest
Starting age
Dark Age
Ending age
Imperial Age
RankedLock teamsTeams togetherTeam positionsShared explorationLock speedFull tech treeHidden civsTurbo modeCheats
Victory
Defeat
🇹🇷 Khmer · Türkiye
722
+16
🇺🇸 Teutons · United States
717
-16
Thigpen Pigpens
1:23 Loom
11:17 Feudal Age
12:06 Man-at-Arms
13:25 Wheelbarrow
13:40 Double-Bit Axe
19:23 Town Watch
21:20 Forging
21:10 Scale Mail Armor
21:17 Horse Collar
22:59 Bloodlines
27:07 Castle Age
28:25 Iron Casting
28:05 Chain Mail Armor
28:15 Hand Cart
28:09 Squires
27:55 Gambesons
29:20 Scale Barding Armor
29:54 Bow Saw
29:47 Heavy Plow
29:51 Long Swordsman
31:05 Town Patrol
31:12 Fletching
31:59 Ballistics
31:10 Pikeman
34:16 Masonry
37:06 Chain Barding Armor
36:41 Bodkin Arrow
41:30 Ironclad
45:34 Imperial Age
48:16 Blast Furnace
47:46 Plate Mail Armor
47:50 Crop Rotation
50:46 Siege Engineers
51:41 Chemistry
52:13 Conscription
59:17 Redemption
Tunga
5:12 Loom
11:16 Feudal Age
12:40 Wheelbarrow
13:21 Man-at-Arms
18:00 Bloodlines
20:59 Scale Barding Armor
21:05 Forging
21:17 Horse Collar
21:25 Double-Bit Axe
29:33 Castle Age
30:10 Padded Archer Armor
30:00 Fletching
30:20 Husbandry
29:47 Elite Skirmisher
33:52 Bodkin Arrow
34:12 Leather Archer Armor
41:34 Imperial Age
41:49 Light Cavalry
43:46 Elite Ballista Elephant
49:28 Hand Cart
56:13 Hoardings
55:23 Elite Battle Elephant
59:35 Hussar
Connection lost

Rejoining the realm…

Still unreachable

The connection could not be restored.

Session expired

The server has moved on; the page needs a fresh start.